Map: Abyssal Reef LE

Players

Squeezya

  • Race: Protoss Protoss
  • League: Gold
  • Spawn Location: 5:00

ChocMoS - Winner!

  • Race: Terran Terran
  • League: Gold
  • Spawn Location: 11:00

VOD

Have the link to the VOD?

Description

Time

  • Played on: Sept. 27, 2017, 3:35 p.m.
  • Length: 20:20
Show
View Real Time Build Order
Export as new Build Order

Squeezya Protoss 

Build Orders: 1 Gate Expand 

Get SALT Encoding   

  12  0:02  Probe (Chrono Boost)  
  13  0:13  Probe (Chrono Boost)  
  14  0:18  Pylon  
  14  0:23  Probe (Chrono Boost)  
  15  0:37  Gateway  
  15  0:40  Probe (Chrono Boost)  
  16  0:44  Assimilator  
  16  0:50  Probe (Chrono Boost)  
  17  1:01  Probe (Chrono Boost)  
  18  1:11  Probe (Chrono Boost)  
  19  1:22  Probe (Chrono Boost)  
  20  1:31  Nexus  
  21  1:32  Probe (Chrono Boost)  
  21  1:44  Nexus  
  21  1:49  Probe (Chrono Boost)  
  21  1:52  Pylon  
  22  1:57  Assimilator  
  22  2:00  Probe (Chrono Boost)  
  23  2:05  Cybernetics Core  
  23  2:11  Probe (Chrono Boost)  
  24  2:21  Probe (Chrono Boost)  
  25  2:41  Gateway x2  
  25  2:42  Warp Gate (Chrono Boost)  
  25  2:44  Adept  
  27  2:59  Nexus  
  27  3:16  Probe (Chrono Boost)  
  27  3:19  Adept  
  30  3:24  Pylon  
  30  3:35  Pylon  
  30  3:42  Stalker x2  
  30  3:43  Mothership Core  
  30  3:44  Pylon  
  36  3:53  Stalker  
  38  4:03  Twilight Council  
  38  4:04  Probe  
  39  4:18  Sentry x2  
  43  4:33  Pylon  
  43  4:35  Charge  
  43  4:41  Forge  
  43  4:55  Probe  
  43  4:57  Probe  
  45  5:00  Zealot x3  
  45  5:06  Probe  
  51  5:09  Probe  
  51  5:13  Protoss Ground Weapons Level 1 (Chrono Boost)  
  53  5:17  Pylon  
  53  5:18  Probe  
  53  5:29  Probe  
  53  5:30  Probe  
  53  5:34  Assimilator  
  55  5:37  Assimilator  
  55  5:41  Probe  
  56  5:49  Robotics Facility  
  56  5:55  Zealot x3  
  62  6:09  Dark Shrine  
  63  6:18  Probe x2  
  64  6:26  Stalker x2  
  64  6:27  Stalker  
  64  6:30  Probe x2  
  72  6:36  Pylon  
  72  6:40  Protoss Ground Armor Level 1 (Chrono Boost)  
  72  6:42  Probe  
  72  6:43  Probe, Observer (Chrono Boost)  
  75  6:53  Stalker x2  
  75  6:54  Probe, Stalker  
  81  6:55  Probe  
  81  6:59  Pylon  
  83  7:18  Gateway  
  83  7:20  Gateway  
  83  7:22  Dark Templar x2  
  87  7:23  Dark Templar  
  87  7:29  Observer (Chrono Boost)  
  90  7:36  Probe x2  
  92  7:48  Probe x2  
  75  8:22  Probe x2  
  77  8:29  Photon Cannon  
  77  8:30  Photon Cannon  
  77  8:34  Probe  
  77  8:35  Probe, Photon Cannon  
  77  8:38  Photon Cannon  
  77  8:39  Stalker x3  
  85  8:43  Sentry x2  
  85  8:46  Photon Cannon  
  85  8:47  Probe x2  
  91  8:57  Robotics Bay  
  91  9:09  Dark Templar x3  
  97  9:10  Dark Templar  
  97  9:13  Archon  
  97  9:15  Archon  
  99  9:23  Nexus  
  99  9:32  Probe x2  
  101  9:44  Probe  
  102  10:01  Photon Cannon  
  102  10:07  Photon Cannon  
  102  10:13  Photon Cannon  
  102  10:14  Photon Cannon  
  102  10:21  Pylon  
  102  10:23  Pylon  
  102  10:25  Pylon  
  102  10:27  Pylon  
  102  10:35  Probe, Colossus (Chrono Boost)  
  109  10:37  Pylon  
  109  10:39  Pylon  
  109  10:42  Pylon  
  109  11:07  Pylon  
  109  11:08  Gateway  
  109  11:10  Gateway  
  109  11:11  Gateway  
  109  11:12  Dark Templar x5  
  109  11:16  Archon x2  
  85  11:43  Colossus (Chrono Boost)  
  67  12:00  Stalker x2  
  67  12:01  Stalker x3  
  76  12:45  Stalker x4  
  76  12:46  Stalker  
  86  12:55  Colossus (Chrono Boost)  
  86  13:04  Nexus  
  92  13:06  Extended Thermal Lance (Chrono Boost)  
  92  13:22  Stalker x2  
  96  14:01  Stalker  
  96  14:02  Stalker x3  
  104  14:08  Sentry  
  106  14:17  Probe  
  106  14:18  Probe  
  106  14:19  Probe  
  106  14:23  Pylon  
  109  14:27  Probe, Pylon  
  110  14:35  Assimilator  
  110  14:49  Assimilator  
  110  15:01  Sentry x5  
  120  15:18  Pylon  
  120  15:22  Gateway  
  120  15:23  Gateway  
  120  15:34  Observer Gravitic Boosters (Chrono Boost)  
  76  15:57  Colossus  
  76  15:58  Photon Cannon  
  76  16:00  Photon Cannon x2  
  76  16:03  Pylon  
  82  16:13  Sentry x2  
  82  16:14  Sentry x2  
  90  16:25  Gateway  
  90  16:26  Gateway  
  90  16:29  Gateway  
  90  16:32  Dark Templar x3  
  76  16:48  Stalker  
  42  17:13  Dark Templar x2  
  42  17:14  Dark Templar  
  47  17:29  Probe  
  36  17:45  Pylon  
  36  17:46  Pylon  
  36  17:48  Pylon  
  36  17:56  Dark Templar x3  
  42  18:04  Gateway  
  42  18:05  Gateway  
  41  18:20  Stalker  
  41  18:23  Stalker  
  41  18:24  Stalker  
  47  18:34  Stalker x2  
  49  18:38  Pylon  
  49  18:40  Pylon  
  51  18:43  Pylon  
  51  18:45  Stalker  
  51  18:47  Stalker  
  55  18:50  Stalker  
  57  19:02  Nexus  
  57  19:07  Zealot, Cybernetics Core  
  57  19:08  Zealot  
  57  20:03  Stalker x2  
  57  20:04  Stalker x2  
  57  20:05  Stalker  
Show
View Real Time Build Order
Export as new Build Order

ChocMoS Terran - Winner!

Build Orders:  

Get SALT Encoding   

  12  0:02  SCV  
  13  0:23  Supply Depot  
  13  0:29  SCV  
  14  0:46  Refinery, SCV  
  15  0:50  Barracks  
  15  1:03  Supply Depot  
  15  1:06  SCV  
  16  1:22  SCV  
  17  1:34  SCV  
  17  1:35  Engineering Bay  
  18  1:45  Barracks  
  18  1:46  Orbital Command  
  18  2:14  Barracks Reactor, Refinery  
  18  2:16  Engineering Bay  
  18  2:18  SCV  
  19  2:30  SCV  
  19  2:34  Factory  
  19  2:35  Barracks Tech Lab  
  20  2:49  Missile Turret, SCV  
  21  3:02  SCV  
  22  3:14  SCV  
  23  3:22  Factory Tech Lab  
  23  3:23  Marine, Marauder  
  23  3:24  Marine  
  27  3:33  SCV  
  28  3:34  Command Center  
  28  3:44  Marauder  
  30  3:51  Marine  
  31  4:02  Combat Shields  
  31  4:33  Starport  
  31  4:40  Marine, Siege Tank, SCV  
  31  4:41  Marauder  
  38  5:00  SCV  
  39  5:12  SCV  
  39  5:13  Siege Tank  
  43  5:16  Starport Reactor  
  43  5:26  Marine x2, Marauder  
  47  5:44  Bunker  
  47  5:45  Bunker, Orbital Command  
  47  5:47  Marauder  
  47  5:48  SCV  
  50  5:53  Command Center  
  50  6:00  SCV  
  50  6:03  Marine x2  
  53  6:11  Liberator x2  
  53  6:22  Supply Depot  
  59  6:38  SCV  
  60  6:44  Marine x2  
  62  6:51  Missile Turret  
  62  6:52  SCV  
  63  6:55  SCV  
  63  6:56  Marine  
  65  7:04  Marine x2  
  68  7:11  Planetary Fortress, Medivac x2  
  68  7:14  Marine  
  72  7:18  SCV x2  
  74  7:23  Missile Turret  
  74  7:26  Marine  
  75  7:33  Marauder  
  75  7:35  Marine  
  78  7:39  SCV  
  78  7:40  SCV  
  78  7:41  Medivac  
  82  7:51  Marine  
  83  7:54  Marauder  
  83  7:58  Barracks  
  85  7:59  Barracks  
  85  8:11  Liberator x2  
  85  8:12  SCV x3, Supply Depot  
  85  8:16  Marauder, Supply Depot  
  91  8:34  SCV x3  
  91  8:35  Refinery  
  91  8:39  Marauder, Refinery  
  91  8:40  Marine  
  96  8:46  SCV  
  96  8:47  Marine, SCV x2  
  101  8:50  Barracks Reactor  
  101  8:51  Barracks Reactor  
  100  8:57  Marine  
  100  8:58  SCV  
  100  9:01  Marauder  
  104  9:05  SCV x2  
  106  9:10  SCV  
  106  9:11  Marine  
  109  9:17  SCV  
  109  9:31  Marauder, SCV x3  
  114  9:34  Terran Infantry Weapons Level 1  
  114  9:35  Armory  
  114  9:36  Terran Infantry Armor Level 1  
  114  9:38  Refinery  
  114  9:42  Marine x3, Refinery  
  117  9:55  Marine x3, Marauder  
  117  9:59  Marine  
  122  10:00  Supply Depot  
  122  10:04  Marine, Supply Depot  
  122  10:05  Marine  
  125  10:21  Marine, Marauder, SCV x3  
  125  10:23  Marine x2, Supply Depot  
  133  10:33  SCV x3  
  136  10:43  Marauder  
  136  10:46  Marine x5  
  143  11:03  Terran Ship Weapons Level 1  
  143  11:08  Command Center  
  143  11:10  Stimpack  
  143  11:22  Viking x2  
  126  11:46  Marine x3, Marauder  
  126  11:47  Marine x3  
  116  11:52  Viking, Medivac  
  116  12:04  Marine x5  
  116  12:05  Marine  
  116  12:08  Marauder  
  124  12:19  Thor  
  130  12:22  Medivac x2  
  130  12:29  Marauder  
  129  12:49  Terran Infantry Weapons Level 2  
  129  12:50  Terran Infantry Armor Level 2  
  129  12:51  Marauder  
  131  12:52  Viking, Medivac  
  135  13:01  Planetary Fortress  
  135  13:02  Thor  
  135  13:03  Marine  
  135  13:04  Marine x5  
  147  13:09  Command Center, Sensor Tower, Refinery  
  147  13:11  Marine, Concussive Shells  
  148  13:14  Refinery  
  148  13:22  Viking x2  
  152  13:34  Marine x4, Marauder  
  154  13:40  Marine x2  
  158  13:44  Thor  
  163  13:52  Marine  
  164  13:56  Terran Ship Weapons Level 2  
  164  13:58  Command Center  
  164  14:00  Refinery  
  164  14:04  Command Center  
  164  14:06  Refinery  
  164  14:49  Marine  
  164  14:51  Armory  
  164  14:55  Armory  
  164  15:09  Marine x5, Thor  
  164  15:10  Viking x2  
  179  15:15  Marine, Marauder  
  182  15:27  Marine x2  
  184  15:36  Marauder  
  184  15:40  Viking x2  
  180  15:44  Marine x4  
  182  15:53  Thor  
  187  15:57  Marauder  
  187  16:00  Planetary Fortress  
  189  16:04  Orbital Command  
  189  16:09  Viking, Medivac, Terran Vehicle Weapons Level 1  
  189  16:10  Terran Vehicle And Ship Armor Level 1  
  193  16:13  Terran Infantry Armor Level 3, Terran Infantry Weapons Level 3  
  193  16:19  Marauder  
  193  16:25  Marine x5  
  196  16:30  Refinery  
  196  16:31  Refinery  
  200  16:39  Medivac  
  200  16:44  Marine x5, Marauder  
  200  16:45  Marine  
  176  17:02  Marine x6  
  176  17:06  Marauder  
  164  17:20  Marine x2  
  156  17:29  Marine x4, Marauder  
  153  17:37  Marine x2  
  145  17:46  Marine  
  145  17:47  Marine  
  145  17:50  Marauder, Starport  
  145  17:51  Starport  
  149  17:54  Starport Tech Lab  
  149  17:57  Marine x4  
  153  18:04  Marine x2  
  155  18:12  Marauder  
  157  18:15  Marine x3  
  158  18:33  Marauder  
  158  18:46  SCV x5  
  158  18:47  SCV  
  164  18:57  Marine x6, Marauder  
  164  18:58  SCV  
  173  19:13  Starport Tech Lab x2  
  173  19:14  Marine x2  
  173  19:15  Marine x4  
  179  19:18  Marauder  
  180  19:32  Marine x3  
  180  19:33  Marine x3  
  186  19:39  Marine  
  186  19:43  Barracks  
  186  19:45  Barracks x2  
  184  19:46  Barracks x2  
  184  19:48  Barracks  
  184  19:50  Barracks, Marine x5  
  184  19:51  Marine  
  189  19:56  Barracks  
  189  19:57  Marine  
Tags
 
Add a new tag
Caveats
  • Supply blocks, unpowered buildings, or Contaminate may cause inaccurate times.
  • Supply counts are checked every 10 seconds.